 Dungeon Crawl Stone Soup version 0.28.0-45-g0d030f2227 (webtiles) character file.

Game seed: 6320274568653165472

174 Andrea the Covert (level 5, -1/47 HPs)
             Began as a Gnoll Delver on Apr 18, 2022.
             Slain by a wolf (2 damage)
             ... on level 3 of the Dungeon.
             The game lasted 00:04:55 (3763 turns).

Andrea the Covert (Gnoll Delver)                    Turns: 3763, Time: 00:04:56

Health: -1/47      AC: 14    Str: 13    XL:     5   Next: 54%
Magic:  7/7        EV:  4    Int:  9    God:
Gold:   141        SH:  0    Dex: 14    Spells: 7/7 levels left

rFire   . . .      SeeInvis .   a - +0 spear
rCold   + . .      Faith    .   (no shield)
rNeg    . . .      Spirit   .   l - +0 plate armour
rPois   .          Reflect  .   (no helmet)
rElec   .          Harm     .   (no cloak)
rCorr   .          Rampage  .   (no gloves)
Will    .....                   (no boots)
Stlth   ..........              (no amulet)
HPRegen 0.15/turn               i - +4 ring of protection
MPRegen 0.10/turn               q - ring of protection from cold

@: no status effects
A: fangs 1, strong nose, distributed training
a: no special abilities


You were on level 3 of the Dungeon.
You visited 1 branch of the dungeon, and saw 5 of its levels.

You collected 141 gold pieces.

Inventory:

Hand Weapons
 a - a +0 spear (weapon)
 b - a +1 dagger of venom
Missiles
 p - 4 boomerangs (quivered)
Armour
 l - a +0 plate armour (worn)
Jewellery
 h - an amulet of faith
 i - a +4 ring of protection (left hand)
 q - a ring of protection from cold (right hand)
Wands
 g - a wand of digging (3)
 j - a wand of mindburst (15)
Scrolls
 c - a scroll of fog
 d - 2 scrolls of magic mapping
 e - a scroll of fear
 r - 2 scrolls of identify {unknown}
 t - 2 scrolls of brand weapon {unknown}
Potions
 f - a potion of haste
 k - a potion of mutation {unknown}
 m - a potion of brilliance {unknown}
 n - a potion of lignification {unknown}
 o - 2 potions of attraction {unknown}
 s - a potion of resistance


   Skills:
 + Level 6.7 Fighting
 + Level 1.5 Short Blades
 + Level 1.5 Long Blades
 + Level 1.5 Axes
 + Level 1.5 Maces & Flails
 + Level 4.8 Polearms
 + Level 1.5 Staves
 + Level 1.5 Slings
 + Level 1.5 Bows
 + Level 1.5 Crossbows
 + Level 1.5 Throwing
 + Level 1.5 Armour
 + Level 4.8 Dodging
 + Level 9.7 Stealth
 + Level 1.5 Shields
 + Level 1.5 Unarmed Combat
 + Level 1.5 Spellcasting
 + Level 1.2 Conjurations
 + Level 1.2 Hexes
 + Level 1.2 Summonings
 + Level 1.2 Necromancy
 + Level 1.2 Translocations
 + Level 1.2 Transmutations
 + Level 1.2 Fire Magic
 + Level 1.2 Ice Magic
 + Level 1.2 Air Magic
 + Level 1.2 Earth Magic
 + Level 1.2 Poison Magic
 + Level 1.7 Invocations
 + Level 1.5 Evocations


You had 7 spell levels left.
You didn't know any spells.
Your spell library contained the following spells:

 Spells                   Type           Power      Damage    Failure   Level
 Sting                    Tmut/Pois      8%         1d3       100%        1
 Poisonous Vapours        Pois/Air       4%         N/A       100%        2
 Animate Armour           Summ/Erth      4%         N/A       100%        4
 Olgreb's Toxic Radiance  Pois           2%         N/A       100%        4
 Blade Hands              Tmut           1%         N/A       100%        5
 Iron Shot                Conj/Erth      1%         9d1       100%        6


Dungeon Overview and Level Annotations

Branches:
Dungeon (5/15)
 Temple: D:4-7

Altars:

Annotations:
D:4 Robin


Innate Abilities, Weirdness & Mutations

You have very sharp teeth.
Your uncanny sense of smell can sniff out nearby items.
Your experience applies equally to all skills.


Message History

The wolf is severely wounded.
The wolf bites you but does no damage.
You completely miss the wolf. Your punch misses the wolf.
You bite the wolf, but do no damage.
The wolf is severely wounded.
The wolf bites you.
You miss the wolf.
The wolf is severely wounded.
The wolf bites you! The wolf bites you but does no damage.
You hit the wolf.
The wolf is almost dead.
The wolf bites you but does no damage.
You hit the wolf but do no damage.
The wolf is almost dead.
The wolf bites you!
* * * LOW HITPOINT WARNING * * *
The wolf bites you but does no damage.
You barely miss the wolf.
The wolf is almost dead.
The wolf bites you but does no damage.
You barely miss the wolf.
The wolf is almost dead.
The wolf bites you but does no damage. x2
You hit the wolf but do no damage.
The wolf is almost dead.
The wolf bites you but does no damage.
You hit the wolf. You bite the wolf, but do no damage.
The wolf is almost dead.
The wolf bites you but does no damage.
You miss the wolf.
The wolf is almost dead.
The wolf bites you but does no damage. x2
You miss the wolf.
The wolf is almost dead.
The wolf bites you!
* * * LOW HITPOINT WARNING * * *
You barely miss the wolf.
The wolf is almost dead.
The wolf barely misses you. The wolf bites you.
You die...

#.... #..## ##### #...#
#...# #.#.# #...# #...#
#...# ##o.# #####...#
##..####
#...#...######......#
#.#.#...##...#......#
###.#.'...@h.)........#
#....##...##...#......#
#....#######..........#
#....<................#
#......########.#)..###
###......(......#.#.##
##...##########.#..#
#.... #.#..# #....#
#.##.##


You could see a wolf.

Vanquished Creatures
  An orc wizard (D:3)
  A hound skeleton (D:4)
  3 gnolls
  3 adders
  2 worms (D:2)
  3 dart slugs
  4 orcs
  5 ball pythons
  An endoplasm (D:1)
  5 giant cockroaches
  7 goblins
  3 hobgoblins
  8 jackals (D:2)
  6 kobolds
  3 quokkas
  4 bats
  2 frilled lizards (D:1)
  4 rats (D:1)
  A spectral goblin (D:1)
66 creatures vanquished.

Notes
Turn   | Place    | Note
-------+----------+-------------------------------------------
     0 | D:5      | Reached skill level 9 in Stealth
     0 | D:5      | Andrea the Gnoll Delver began the quest for the Orb.
     0 | D:5      | Reached XP level 1. HP: 23/23 MP: 1/1
    90 | D:5      | Reached XP level 2. HP: 22/29 MP: 2/2
   210 | D:5      | Noticed a scorpion
   387 | D:4      | Noticed Robin
   452 | D:4      | Reached XP level 3. HP: 30/35 MP: 3/3
   737 | D:3      | Reached skill level 1 in Invocations
   841 | D:4      | Reached skill level 1 in Short Blades
   841 | D:4      | Reached skill level 1 in Long Blades
   841 | D:4      | Reached skill level 1 in Axes
   841 | D:4      | Reached skill level 1 in Maces & Flails
   841 | D:4      | Reached skill level 1 in Staves
   841 | D:4      | Reached skill level 1 in Slings
   841 | D:4      | Reached skill level 1 in Bows
   841 | D:4      | Reached skill level 1 in Crossbows
   841 | D:4      | Reached skill level 1 in Throwing
   841 | D:4      | Reached skill level 1 in Armour
   841 | D:4      | Reached skill level 1 in Shields
   841 | D:4      | Reached skill level 1 in Unarmed Combat
   841 | D:4      | Reached skill level 1 in Spellcasting
   841 | D:4      | Reached skill level 1 in Evocations
   841 | D:4      | Reached XP level 4. HP: 35/41 MP: 5/5
  1146 | D:3      | Reached skill level 1 in Conjurations
  1146 | D:3      | Reached skill level 1 in Hexes
  1146 | D:3      | Reached skill level 1 in Summonings
  1146 | D:3      | Reached skill level 1 in Necromancy
  1146 | D:3      | Reached skill level 1 in Translocations
  1146 | D:3      | Reached skill level 1 in Transmutations
  1146 | D:3      | Reached skill level 1 in Fire Magic
  1146 | D:3      | Reached skill level 1 in Ice Magic
  1146 | D:3      | Reached skill level 1 in Air Magic
  1146 | D:3      | Reached skill level 1 in Earth Magic
  1146 | D:3      | Reached skill level 1 in Poison Magic
  1755 | D:1      | Found a faded altar of an unknown god.
  1957 | D:1      | Reached XP level 5. HP: 39/47 MP: 6/6
  3718 | D:3      | Noticed a wolf
  3762 | D:3      | HP: 1/47 [wolf (7)]
  3763 | D:3      | Slain by a wolf

Illustrated notes

Levels and vault maps discovered:
D:1:      psy_arrival_radial02, layout_loops_ring,
          dreamdust_ecumenical_altar_drowned_temple, st_stairs_8
D:2:      layout_basic, wad_floor_pattern_2
D:3:      layout_basic, lemuel_round_altar
D:4:      layout_basic, serial_shops, shop, eino_tiny_chamber, uniq_robin
D:5:      layout_rooms, temple_statues

Skill      XL: |  1  2  3  4 |
---------------+-------------+-----
Stealth        | |  9.7
Invocations    | 1 |  1.7
Short Blades   | 1 |  1.5
Long Blades    | 1 |  1.5
Axes           | 1 |  1.5
Maces & Flails | 1 |  1.5
Staves         | 1 |  1.5
Slings         | 1 |  1.5
Bows           | 1 |  1.5
Crossbows      | 1 |  1.5
Throwing       | 1 |  1.5
Armour         | 1 |  1.5
Shields        | 1 |  1.5
Unarmed Combat | 1 |  1.5
Spellcasting   | 1 |  1.5
Evocations     | 1 |  1.5
Conjurations   | 1 |  1.2
Hexes          | 1 |  1.2
Summonings     | 1 |  1.2
Necromancy     | 1 |  1.2
Translocations | 1 |  1.2
Transmutations | 1 |  1.2
Fire Magic     | 1 |  1.2
Ice Magic      | 1 |  1.2
Air Magic      | 1 |  1.2
Earth Magic    | 1 |  1.2
Poison Magic   | 1 |  1.2
Fighting       | |  6.7
Polearms       | |  4.8
Dodging        | |  4.8

Action                   |  1- 3 |  4- 6 || total
-------------------------+-------+-------++-------
Melee: Spear             |    81 |   282 ||   363
       Bite              |     7 |    21 ||    28
       Punch             |     1 |     3 ||     4
Throw: Boomerang         |       |     2 ||     2
Armor: Leather armour    |    24 |     5 ||    29
       Plate armour      |       |   135 ||   135
       Skin              |       |    23 ||    23
Dodge: Dodged            |    45 |    41 ||    86
